 Dungeon Crawl Stone Soup version 0.31.0-32-g396128a36d (webtiles) character file.

Game seed: 5884394765445245306

590839 rockboris the Sorcerer (level 26, -4/152 HPs)
             Began as a Gargoyle Earth Elementalist on Mar 14, 2024.
             Was the Champion of Vehumet.
             Killed from afar by a purple draconian (32 damage)
             ... with a bolt of dispelling energy
             ... led by a white draconian stormcaller
             ... on level 3 of the Realm of Zot on Mar 20, 2024.
             The game lasted 11:57:06 (95416 turns).

rockboris the Sorcerer (GrEE)                      Turns: 95416, Time: 11:57:06

Health: -4/152     AC: 36    Str: 19    XL:     26   Next: 99%
Magic:  13/48      EV: 15    Int: 28    God:    Vehumet [******]
Gold:   8409       SH:  8    Dex: 10    Spells: 5/68 levels left

rFire   + + +        a - staff of Xomen {rElec rPois Will+ Str+3 Air Earth}
rCold   + + +        p - +2 buckler {AC+3}
rNeg    + + +        S - +2 robe {rC+ rF+}
rPois   ∞            W - +0 helmet
rElec   +            x - +2 cloak of Howling Wind {Regen+}
rCorr   +            z - +1 pair of gloves "Beubb" {rC+}
SInv    +            K - +0 pair of boots "Cadus" {rC+ rN+ Regen+ Str+4}
Will    +++++        g - amulet of the Four Winds {rN+ Will+++ Clar}
Stlth   +++          N - ring "Iviott" {Wiz rF++ SInv}
HPRegen 2.05/turn    e - ring "Xariwon" {Wiz rElec rCorr Stlth+}
MPRegen 0.31/turn

%: clarity, wizardry (x2)
@: flying, slowed, very slow
A: sickness immunity, AC +20, big wings, negative energy resistance 1,
electricity resistance, torment resistance 1, petrification resistance
}: 4/15 runes: barnacled, slimy, silver, gossamer
a: Renounce Religion


You were on level 3 of the Realm of Zot.
You worshipped Vehumet.
Vehumet was exalted by your worship.
You visited 12 branches of the dungeon, and saw 52 of its levels.
You also visited: Trove, Bailey, Gauntlet and Ice Cave.

You collected 9653 gold pieces.
You spent 1244 gold pieces at shops.

Inventory:

Armour
 p - a +2 buckler of protection (worn)
 v - a +2 robe of positive energy
 x - the +2 cloak of Howling Wind (worn) {Regen+}
   (You found it in a treasure trove)

   Regen+:    It increases your rate of health regeneration.
 z - the +1 pair of gloves "Beubb" (worn) {rC+}
   (You found it on level 6 of the Dungeon)

   rC+:       It protects you from cold.
 F - a +2 robe of willpower
 K - the +0 pair of boots "Cadus" (worn) {rC+ rN+ Regen+ Str+4}
   (You found it on level 4 of the Spider Nest)

   Str+4:     It affects your strength (+4).
   rC+:       It protects you from cold.
   rN+:       It protects you from negative energy.
   Regen+:    It increases your rate of health regeneration.
 R - the +4 robe of Folly {Brill Will-∞ Int+8}
   (You found it on level 10 of the Dungeon)

   Brill:     It increases the power of your magical spells and halves their MP
   cost (rounding up).
   Will-∞: It reduces your willpower to zero.
   Int+8:     It affects your intelligence (+8).
 S - a +2 robe of resistance (worn)
 T - a scarf of resistance
 W - a +0 helmet (worn)
 X - a +1 kite shield of protection
Magical Staves
 a - the staff of Xomen (weapon) {rElec rPois Will+ Str+3 Air Earth}
   (You found it on level 3 of the Elven Halls)

   [staff of air]

   Base accuracy: +5 Base damage: 5 Base attack delay: 1.2 This weapon's minimum
   attack delay (0.6) is reached at skill level 12.
   Str+3:     It affects your strength (+3).
   rElec:     It insulates you from electricity.
   rPois:     It protects you from poison Will+: It increases your willpower.
   Air:       It increases the power of your Air spells.
   Earth:     It increases the power of your Earth spells.
   It falls into the 'Staves' category.
   It is a one-handed weapon.
Jewellery
 c - the ring "Rofytsya" {rElec rPois rC+ rCorr}
   (You found it on level 3 of the Elven Halls)

   [ring of poison resistance]

   rC+:       It protects you from cold.
   rElec:     It insulates you from electricity.
   rPois:     It protects you from poison rCorr: It protects you from acid and
   corrosion.
 e - the ring "Xariwon" (right hand) {Wiz rElec rCorr Stlth+}
   (You found it on level 4 of the Shoals)

   [ring of wizardry]

   Wiz:       It improves your spell success rate.
   rElec:     It insulates you from electricity.
   rCorr:     It protects you from acid and corrosion.
   Stlth+:    It makes you more stealthy.
 g - the amulet of the Four Winds (around neck) {rN+ Will+++ Clar}
   (You found it on level 3 of the Elven Halls)

   [amulet of nothing]

   rN+:       It protects you from negative energy.
   Will+++:   It greatly increases your willpower.
   Clar:      It protects you from confusion, rage, mesmerisation and fear.
 C - the ring of Levvimm {rF+ Stlth+}
   (You found it on level 3 of the Elven Halls)

   [ring of protection from fire]

   rF+:       It protects you from fire.
   Stlth+:    It makes you more stealthy.
 E - the amulet "Efupam" {Reflect Dex+3 SH+5}
   (You found it in a treasure trove)

   [amulet of reflection]

   Reflect:   It reflects blocked missile attacks.
   Dex+3:     It affects your dexterity (+3).
   SH+5:      It affects your SH (+5).
 N - the ring "Iviott" (left hand) {Wiz rF++ SInv}
   (You acquired it on level 11 of the Dungeon)

   [ring of wizardry]

   Wiz:       It improves your spell success rate.
   rF++:      It greatly protects you from fire.
   SInv:      It lets you see invisible.
 Q - the ring "Duquovai" {Will+ rCorr AC+4 SInv}
   (You took it off Nergalle on level 10 of the Dungeon)

   [ring of protection]

   AC+4:      It affects your AC (+4).
   Will+:     It increases your willpower.
   SInv:      It lets you see invisible.
   rCorr:     It protects you from acid and corrosion.
 U - the ring of Wuraruab {rN+ Str+2}
   (You found it on level 5 of the Lair of Beasts)

   [ring of positive energy]

   Str+2:     It affects your strength (+2).
   rN+:       It protects you from negative energy.
Wands
 o - a wand of digging (21)
Scrolls
 h - 2 scrolls of summoning
 k - 10 scrolls of poison
 l - 19 scrolls of teleportation
 n - 5 scrolls of enchant armour
 q - 7 scrolls of revelation
 s - 13 scrolls of vulnerability
 t - 7 scrolls of amnesia
 B - 9 scrolls of immolation
 D - 6 scrolls of fog
 G - 8 scrolls of fear
 H - 4 scrolls of torment
 L - a scroll of enchant weapon
 O - 5 scrolls of silence
Potions
 b - 4 potions of magic
 d - 6 potions of haste
 f - 19 potions of curing
 i - 9 potions of might
 j - 3 potions of cancellation
 m - 6 potions of brilliance
 r - 10 potions of ambrosia
 u - 8 potions of berserk rage
 w - 5 potions of attraction
 A - 8 potions of resistance
 I - 6 potions of heal wounds
 J - a potion of mutation
 M - 3 potions of invisibility
 Y - 11 potions of enlightenment
 Z - 11 potions of lignification


   Skills:
 - Level 12.0 Fighting
 - Level 10.0 Armour
 - Level 11.2 Dodging
 - Level 2.1 Stealth
 - Level 9.0 Shields
 + Level 21.8 Spellcasting
 - Level 20.0 Conjurations
 - Level 10.0 Summonings
 - Level 5.0 Translocations
 + Level 13.9 Fire Magic
 + Level 19.6 Ice Magic
 - Level 21.1 Earth Magic


You had 5 spell levels left.
You knew the following spells:

 Your Spells              Type           Power      Damage    Failure   Level
a - Iskenderun's Battles  Conj           97%        2d14      0%          5
b - Blink                 Tloc           100%       N/A       1%          2
c - Stone Arrow           Conj/Erth      100%       3d13      0%          3
d - Brom's Barrelling Bo  Conj/Erth      100%       2d11      0%          4
e - Passwall              Erth           100%       N/A       0%          3
f - Bombard               Conj/Erth      60%        9d10      1%          6
g - Polar Vortex          Ice            48%        12d6*     3%          9
h - Spellforged Servitor  Conj/Summ      42%        N/A       1%          7
i - Orb of Destruction    Conj           48%        9d13      1%          7
j - Lehudib's Crystal Sp  Conj/Erth      60%        10d14     1%          8
k - Fire Storm            Conj/Fire      45%        8d11      10%         9

Your spell library contained the following spells:

 Spells                   Type           Power      Damage    Failure   Level
 Shatter                  Erth           61%        3d45*     1%          9
 Freeze                   Ice            100%       1d10      0%          1
 Magic Dart               Conj           100%       1d8       0%          1
 Sandblast                Erth           100%       2d20      0%          1
 Sting                    Conj/Alch      100%       1d9       0%          1
 Summon Small Mammal      Summ           100%       N/A       0%          1
 Momentum Strike          Conj/Tloc      100%       3d10      0%          2
 Scorch                   Fire           100%       2d9       0%          2
 Searing Ray              Conj           100%       2d8       0%          2
 Frozen Ramparts          Ice            100%       1d16      0%          3
 Hailstorm                Conj/Ice       96%        3d15      0%          3
 Ozocubu's Armour         Ice            96%        N/A       0%          3
 Summon Ice Beast         Ice/Summ       85%        N/A       0%          3
 Animate Armour           Summ/Erth      100%       N/A       0%          4
 Flame Wave               Conj/Fire      90%        2d19      0%          4
 Lee's Rapid Deconstruct  Erth           61%        3d28*     0%          5
 Apportation              Tloc           100%       N/A       1%          1
 Call Imp                 Summ           100%       N/A       1%          2
 Ensorcelled Hibernation  Hex/Ice        100%       N/A       1%          2
 Jinxbite                 Hex            60%        N/A       1%          2
 Lesser Beckoning         Tloc           100%       N/A       1%          2
 Mercury Vapours          Alch/Air       90%        N/A       1%          2
 Static Discharge         Conj/Air       100%       3-8/arc   1%          2
 Dazzling Flash           Conj/Hex       100%       N/A       1%          3
 Fugue of the Fallen      Necr           30%        N/A       1%          3
 Inner Flame              Hex/Fire       62%        N/A       1%          3
 Mephitic Cloud           Conj/Alch/Air  80%        N/A       1%          3
 Swiftness                Air            45%        N/A       1%          3
 Tukima's Dance           Hex            30%        N/A       1%          3
 Volatile Blastmotes      Fire/Tloc      100%       2d18      1%          3
 Airstrike                Air            22%        2d(4-20)  1%          4
 Fulminant Prism          Conj/Alch      36%        3d18      1%          4
 Ignite Poison            Fire/Alch      62%        N/A       1%          4
 Iskenderun's Mystic Bla  Conj/Tloc      79%        2d16      1%          4
 Leda's Liquefaction      Alch/Erth      47%        N/A       1%          4
 Manifold Assault         Tloc           55%        N/A       1%          4
 Olgreb's Toxic Radiance  Alch           30%        N/A       1%          4
 Passage of Golubria      Tloc           55%        N/A       1%          4
 Petrify                  Alch/Erth      94%        N/A       1%          4
 Summon Lightning Spire   Summ/Air       73%        N/A       1%          4
 Vhi's Electric Charge    Tloc/Air       100%       N/A       1%          4
 Arcjolt                  Conj/Air       46%        1d56      1%          5
 Borgnjor's Vile Clutch   Necr/Erth      47%        N/A       1%          5
 Fireball                 Conj/Fire      45%        3d18      1%          5
 Freezing Cloud           Conj/Ice/Air   51%        6-21      1%          5
 Irradiate                Conj/Alch      36%        3d23      1%          5
 Metabolic Englaciation   Hex/Ice        35%        N/A       1%          5
 Yara's Violent Unravell  Hex/Alch       15%        3d8       3%          5
 Anguish                  Hex/Necr       15%        N/A       4%          4
 Animate Dead             Necr           30%        N/A       4%          4
 Cause Fear               Hex            15%        N/A       4%          4
 Alistair's Intoxication  Alch           20%        N/A       11%         5
 Curse of Agony           Necr           30%        N/A       11%         5
 Silence                  Hex/Air        22%        N/A       11%         5
 Conjure Ball Lightning   Conj/Air       46%        3x3d16    1%          6
 Plasma Beam              Fire/Air       40%        2x1d54    1%          6
 Sculpt Simulacrum        Ice/Alch       35%        N/A       1%          6
 Starburst                Conj/Fire      45%        6d13      1%          6
 Summon Cactus Giant      Summ           36%        N/A       1%          6
 Ozocubu's Refrigeration  Ice            48%        4d18      1%          7
 Ignition                 Fire           41%        3d12      2%          8
 Summon Hydra             Summ           36%        N/A       5%          7
 Malign Gateway           Summ/Tloc      32%        N/A       16%         7
 Haunt                    Necr/Summ      27%        N/A       36%         7
 Summon Horrible Things   Summ           36%        N/A       36%         8
 Death Channel            Necr           15%        N/A       45%         6
 Chain Lightning          Conj/Air       46%        3d61      73%         9
 Enfeeble                 Hex            15%        N/A       94%         7
 Maxwell's Capacitive Co  Air            22%        ∞         98%         8
 Dragon's Call            Summ           36%        N/A       99%         9
 Borgnjor's Revivificati  Necr           15%        N/A       100%        8
 Discord                  Hex            15%        N/A       100%        8
 Death's Door             Necr           15%        N/A       100%        9
 Cigotuvi's Dreadful Rot  Necr/Alch/Air  Unusable   N/A       N/A         2
 Sublimation of Blood     Necr           Unusable   N/A       N/A         2

Dungeon Overview and Level Annotations

Branches:
Dungeon (15/15)            Temple (1/1) D:4            Lair (5/5) D:10
 Shoals (4/4) Lair:2       Spider (4/4) Lair:3        Slime (5/5) Lair:5
    Orc (2/2) D:9             Elf (3/3) Orc:2        Vaults (5/5) D:13
  Crypt (1/3) Vaults:2     Depths (4/4) D:15            Zot (3/5) Depths:4
 Bailey (visited)           IceCv (visited)         Gauntlet (visited)

Altars:
Ashenzari
Cheibriados
Dithmenos
Elyvilon
Fedhas
Gozag
Hepliaklqana
Kikubaaqudgha
Makhleb
Nemelex Xobeh
Okawaru
Qazlal
Ru
Sif Muna
Trog
Uskayaw
Vehumet
Wu Jian
Xom
Yredelemnul
Zin
The Shining One
Jiyva
Lugonu

Shops:
D:4 !   Orc:2 ([(*   Elf:2 =   Elf:3 ::=   Shoals:2 !   Shoals:4 *   Vaults:1 *
Depths:1 =(   Depths:4 (=(?

Portals:
Hell: Depths:1 Depths:2 Depths:3 Depths:4
Abyss: Zot:3 Depths:2 Depths:3
Pandemonium: Depths:2
Ziggurat: Depths:3

Annotations:
Temple 2 transporters
Spider:3 1 runed translucent door, Nilihum's ghost, adept DjCj
Elf:2 3 runed translucent doors
Vaults:1 2 transporters, raph's ghost, adept MfAl
Vaults:2 exclusion: downstairs
Crypt:1 Mennas
Zot:2 3 runed translucent doors, jt's ghost, legendary HOSh; krest9999's ghost, master DEHu
Zot:3 1 transporter


Innate Abilities, Weirdness & Mutations

You are immune to sickness and miasma.
Your stone body is resilient. (AC +20)
You are immune to poison.
Your large and strong wings let you fly.
You resist negative energy. (rN+)
You are resistant to electric shocks. (rElec)
You are resistant to unholy torment.
You are immune to petrification.


Message History

The death cob hits you!
* * * LOW HITPOINT WARNING * * *
The death cob drains your vigour!
You feel as though you will be slow longer.
You feel yourself slow down.
The storm dragon breathes lightning at you.
The bolt of lightning misses you. The death cob barely misses you.
The purple draconian breathes dispelling energy at you.
The bolt of dispelling energy hits you but does no damage.
Your magical effects are unravelling.
The purple draconian attacks as it pursues you!
The purple draconian hits you but does no damage.
The green draconian attacks as it pursues you!
The green draconian hits you but does no damage.
You hear a roar!
You feel yourself speed up. The death cob closely misses you.
You block the death cob's attack.
The death cob hits you but does no damage.
The purple draconian attacks as it pursues you!
The purple draconian misses you. The death cob misses you.
The green draconian attacks as it pursues you!
The green draconian barely misses you.
The death cob attacks as it pursues you!
You block the death cob's attack. The death cob misses you.
The purple draconian attacks as it pursues you!
The purple draconian closely misses you.
The death cob hits you but does no damage.
The death cob hits you!!
* * * LOW HITPOINT WARNING * * *
The death cob drains your vigour!
You feel yourself slow down.
The death cob attacks as it pursues you!
The death cob hits you but does no damage. x3
The green draconian attacks as it pursues you!
You block the green draconian's attack. The death cob closely misses you.
The green draconian hits you from afar with a +0 trident!
* * * LOW HITPOINT WARNING * * *
The purple draconian breathes dispelling energy at you.
The bolt of dispelling energy hits you!!
Your magical effects are unravelling.
You die...

.##.#.#.##..### #=#)#/#(#
#_............# #########
..#...#.......### #)#?#©#$#
.....#..#.......# #########
#....#..#.......# #/#!#/#?#
.####.......#...##############
#...##..............#.©.#
..$.#.###....d..DX.....#...#
#..... #<..@zdq.Dq.....#.##
###### #########Dd.......#
#..D.)....## #....#.....##
#######.....# ##....X ##....
##... ##..


You could see a shadow dragon, a tentacled monstrosity, a green draconian monk,
a golden dragon, a storm dragon (poisoned), a yellow draconian, a green
draconian, a purple draconian (catching breath), a death cob and a white
draconian stormcaller.

Vanquished Creatures
  the Royal Jelly (Slime:5)
  An ancient lich (Vaults:5)
  3 dread liches (Vaults:5)
  A Killer Klown (Zot:2)
  Bai Suzhen (Elf:3)
  Margery (Vaults:3)
  6 golden dragons
  2 caustic shrikes (Depths:4)
  2 bone dragons
  the Enchantress (Depths:2)
  An electric golem (Zot:2)
  A hellephant (Vaults:3)
  8 tentacled monstrosities
  Mlioglotl (Spider:2)
  2 deep elf master archers (Elf:3)
  3 titans (Vaults:5)
  A lich (Depths:3)
  2 quicksilver dragons
  6 sphinxes
  15 acid blobs
  3 death cobs
  Polyphemus (Shoals:2)
  2 krakens
  6 shadow dragons
  Frances (D:14)
  5 storm dragons
  6 tengu reavers
  13 azure jellies
  7 frost giants
  2 draconian knights (Depths:4)
  5 deep elf sorcerers (Elf:3)
  A draconian shifter (Depths:4)
  An emperor scorpion (Spider:3)
  11 rockslimes
  A fire giant (Depths:1)
  14 vault wardens
  A deep elf elementalist (Elf:3)
  2 iron dragons
  8 ghost moths
  2 spriggan defenders (Depths:1)
  A draconian scorcher (Zot:2)
  18 ironbound preservers
  An orc warlord (Vaults:4)
  3 formless jellyfish
  10 quicksilver oozes
  9 stone giants
  A draconian annihilator (Zot:2)
  A broodmother (Spider:4)
  5 very ugly things
  3 deep elf demonologists (Vaults:5)
  A black draconian (Zot:1)
  6 ironbound thunderhulks
  2 yellow draconians (Depths:4)
  A white draconian (Zot:2)
  3 deep elf annihilators (Elf:3)
  3 deep elf death magi
  A minotaur (Gauntlet)
  12 dire elephants
  2 war gargoyles (Vaults:5)
  The ghost of unihiutale the Unseen, a journeyman OpDe of Uskayaw (Lair:4)
  A spark wasp (Depths:3)
  11 ettins
  7 merfolk impalers
  Josephine (D:10)
  A fire dragon (Depths:2)
  12 yaktaur captains
  7 entropy weavers
  7 merfolk javelineers (Shoals:4)
  7 great orbs of eyes
  2 deep elf high priests
  3 rakshasas
  The ghost of tevior the Nimble, a journeyman DECj of Vehumet (Lair:3)
  5 catoblepae
  37 vault guards
  6 ogre magi
  2 peacekeepers
  4 ice dragons
  2 spriggan air magi (Depths:2)
  3 merfolk avatars (Shoals:4)
  5 hydras
  2 alligator snapping turtles (Shoals:4)
  18 centaur warriors
  5 merfolk aquamancers
  A radroach (Spider:4)
  26 two-headed ogres
  14 boulder beetles
  5 ironbound frosthearts
  8 dancing weapons
  A deep troll shaman (Depths:3)
  3 vampire magi
  2 spectral dire elephants (Lair:5)
  2 satyrs
  6 demonic crawlers
  11 death yaks
  5 tengu warriors
  8 deep troll earth magi
  Nergalle (D:10)
  3 occultists
  3 spriggan berserkers
  A sun demon (Depths:2)
  5 deep elf knights
  8 hell knights
  5 iron trolls
  A shadow wraith (Vaults:5)
  A spectral anaconda (Lair:5)
  5 skysharks
  6 skeletal warriors (D:15)
  9 pharaoh ants
  A sea snake (shapeshifter) (Vaults:5)
  A glowing orange brain (Depths:2)
  39 deep trolls
  A sixfirhy (Gauntlet)
  9 sea snakes
  3 orb spiders
  A glowing orange brain (shapeshifter) (Vaults:5)
  2 sun moths (Spider:4)
  6 arcanists
  7 orc knights
  A bog body (Lair:3)
  An obsidian statue (Lair:5)
  3 deep elf archers
  10 necromancers
  Pikel (D:5)
  3 lindwurms
  15 ironbound convokers
  15 harpies
  7 deep elf zephyrmancers
  2 phantasmal warriors (Crypt:1)
  9 steelbarb worms
  16 manticores
  9 fauns
  7 cyclopes
  7 deep elf pyromancers
  A shining eye (shapeshifter) (Vaults:3)
  11 wolf spiders
  7 oklob plants
  A salamander (shapeshifter) (Vaults:5)
  2 orc sorcerers (Orc:1)
  15 ugly things
  8 moths of wrath
  4 shining eyes
  Joseph (D:7)
  A stone giant skeleton (Vaults:4)
  18 vault sentinels
  8 meliai
  A meliai (shapeshifter) (Elf:2)
  18 elephants
  7 black mambas
  4 water nymphs
  10 merfolk sirens
  2 ice statues
  4 eyes of devastation
  A guardian serpent (Vaults:2)
  7 freezing wraiths
  5 torpor snails
  13 cane toads
  3 gargoyles
  An unseen horror (shapeshifter) (D:14)
  23 yaktaurs
  A dire elephant skeleton (Lair:5)
  4 kobold demonologists
  12 ice devils (IceCv)
  6 rime drakes
  A tengu conjurer (Depths:1)
  8 komodo dragons
  4 guardian mummies (Depths:1)
  A harpy zombie (Crypt:1)
  3 polar bears
  An anaconda simulacrum (IceCv)
  2 hornets (Depths:2)
  A queen bee (shapeshifter) (D:15)
  16 trolls
  19 tarantellas
  23 merfolk
  Prince Ribbit (Bailey)
  3 wind drakes
  2 spectral elephants (Lair:5)
  3 saltlings (Vaults:2)
  4 glass eyes
  A raiju (shapeshifter) (D:15)
  11 blink frogs
  7 dream sheep
  Sigmund (D:3)
  A centaur simulacrum (D:10)
  22 jumping spiders
  3 air elementals
  11 snapping turtles
  98 slime creatures
  3 fire elementals
  11 water elementals
  3 dire elephant simulacra
  51 yaks
  A yak (shapeshifter) (Elf:1)
  12 culicivoras
  A shadow (D:10)
  5 spriggans (Depths:2)
  11 wraiths
  2 golden eyes (Slime:5)
  A warg (Orc:1)
  2 wyverns
  3 basilisks
  47 redbacks
  A steam dragon (D:10)
  8 vampire mosquitoes
  5 death yak simulacra
  21 humans
  A human simulacrum (Vaults:4)
  A spectral cane toad (Lair:5)
  3 acid dragons
  3 harpy simulacra
  Duvessa (D:5)
  13 water moccasins
  13 orc warriors
  A hornet zombie (Gauntlet)
  2 sky beasts
  4 black bears
  6 elephant zombies (Lair:5)
  7 laughing skulls
  3 ice beasts
  14 wolves
  29 ogres
  9 boggarts (Vaults:1)
  4 lemures
  16 centaurs
  13 kobold brigands
  Blork the orc (D:4)
  30 bullfrogs
  6 cane toad simulacra
  An earth elemental (Elf:1)
  4 scorpions
  5 gnoll sergeants
  A two-headed ogre simulacrum (Lair:3)
  A water moccasin zombie (D:5)
  9 wights
  Dowan (D:5)
  5 elephant simulacra
  7 killer bees (D:10)
  4 howler monkeys
  An electric eel (Spider:2)
  A lava snake (Orc:1)
  A gnoll bouda (D:5)
  3 hounds
  A bombardier beetle (D:3)
  A jelly (D:6)
  A sleepcap (D:6)
  15 orc priests
  3 iguanas
  12 orc wizards
  6 polar bear simulacra (IceCv)
  A spriggan simulacrum (Lair:3)
  3 troll simulacra
  5 wolf simulacra
  4 mummies (Depths:1)
  A hound zombie (D:5)
  26 gnolls
  7 adders
  3 naga simulacra (IceCv)
  5 white imps
  4 ufetubi (Gauntlet)
  2 ribbon worms
  4 dart slugs
  55 orcs
  4 endoplasms
  3 giant cockroaches
  8 goblins
  14 hobgoblins
  7 jackals (D:1)
  4 quokkas
  7 ball pythons
  2 bats
  5 frilled lizards
  45 kobolds
  5 rats
  A lurking horror (Zot:3)
  2 tentacles (Shoals:4)
1824 creatures vanquished.

Vanquished Creatures (collateral kills)
  2 caustic shrikes (Depths:4)
  A golden dragon (Vaults:5)
  4 tentacled monstrosities
  A walking crystal tome (Depths:3)
  3 liches
  2 walking earthen tomes
  A walking frostbound tome (Depths:2)
  2 titans
  2 deep elf master archers (Elf:3)
  2 sphinxes
  7 acid blobs
  A walking divine tome (Depths:2)
  2 death cobs
  3 tengu reavers
  6 shadow dragons
  4 storm dragons
  4 fire giants
  2 azure jellies (Slime:5)
  A rockslime (Slime:2)
  3 deep elf sorcerers
  An iron dragon (Depths:3)
  7 frost giants
  4 deep elf elementalists (Elf:3)
  3 vault wardens
  4 spriggan defenders
  A draconian annihilator (Zot:2)
  9 stone giants
  A quicksilver ooze (Slime:5)
  A formless jellyfish (Slime:4)
  6 very ugly things
  5 deep elf demonologists
  An ironbound thunderhulk (Vaults:4)
  2 yellow draconians
  2 purple draconians
  3 deep elf death magi (Elf:3)
  2 black draconians (Zot:2)
  3 green draconians
  2 spark wasps (Depths:3)
  A crystal guardian (Vaults:4)
  2 white draconians (Zot:2)
  2 red draconians (Zot:2)
  2 fire dragons (Depths:3)
  A merfolk javelineer (Depths:2)
  A great orb of eyes (Slime:5)
  6 deep elf high priests
  2 vault guards (Vaults:5)
  2 yaktaur captains (Vaults:4)
  A rakshasa (Depths:2)
  A spriggan air mage (Depths:1)
  A peacekeeper (Vaults:4)
  5 ice dragons
  A two-headed ogre (shapeshifter) (Depths:3)
  5 dancing weapons
  4 tengu warriors
  3 deep troll shamans
  3 deep troll earth magi
  An orc high priest (Elf:3)
  6 deep elf knights
  A hell knight (Depths:2)
  4 iron trolls
  3 glowing orange brains
  A flayed ghost (Depths:1)
  A glowing orange brain (shapeshifter) (Depths:3)
  6 deep elf archers
  An orange crystal statue (Elf:1)
  19 deep trolls
  A phantasmal warrior (Vaults:5)
  A necromancer (Vaults:4)
  3 ironbound convokers
  10 ugly things
  11 deep elf pyromancers
  8 deep elf zephyrmancers
  A faun (shapeshifter) (Elf:3)
  2 shining eyes
  2 moths of wrath (Zot:1)
  A water nymph (shapeshifter) (Elf:3)
  A cane toad (shapeshifter) (Elf:2)
  A human zombie (Vaults:4)
  An elf zombie (Vaults:4)
  3 yaktaurs (Vaults:4)
  2 tengu conjurers (Depths:3)
  2 glass eyes
  A human simulacrum (Vaults:4)
  An air elemental (Elf:1)
  An elf skeleton (Vaults:4)
  22 slime creatures
  2 water elementals (Depths:2)
  A yak (D:9)
  4 fire elementals
  A glowing shapeshifter zombie (Vaults:4)
  4 orc warriors (Elf:3)
  An earth elemental (Elf:2)
  An orc (D:9)
  21 boulders
306 creatures vanquished.

Vanquished Creatures (others)
  A red draconian (Zot:2)
  An occultist (Depths:2)
  A deep elf pyromancer (Elf:1)
  A deep elf zephyrmancer (Elf:2)
  A nameless horror (Depths:2)
  28 boulders
  10 fire vortices
  2 tentacles (Shoals:4)
45 creatures vanquished.

Grand Total: 2175 creatures vanquished

Notes
Turn   | Place    | Note
-------+----------+-------------------------------------------
     0 | D:1      | rockboris the Gargoyle Earth Elementalist began the quest
                  | for the Orb.
     0 | D:1      | Reached XP level 1. HP: 10/10 MP: 3/3
   217 | D:1      | Reached XP level 2. HP: 15/15 MP: 3/5
   773 | D:1      | Reached XP level 3. HP: 16/20 MP: 3/6
   934 | D:2      | Noticed a black bear
  1444 | D:2      | Reached skill level 1 in Fighting
  1444 | D:2      | Reached XP level 4. HP: 25/25 MP: 3/7
  2288 | D:2      | Learned a level 1 spell: Magic Dart
  2335 | D:3      | Noticed Sigmund
  2438 | D:3      | Found a bloodstained altar of Trog.
  2752 | D:3      | Reached XP level 5. HP: 29/29 MP: 6/9
  3955 | D:4      | Reached XP level 6. HP: 35/35 MP: 8/10
  4045 | D:4      | Learned a level 3 spell: Stone Arrow
  4107 | D:4      | Found a shimmering blue altar of Sif Muna.
  4109 | D:4      | Found an ancient bone altar of Kikubaaqudgha.
  4113 | D:4      | Found a glowing golden altar of the Shining One.
  4113 | D:4      | Found an opulent altar of Gozag.
  4116 | D:4      | Found a burning altar of Makhleb.
  4117 | D:4      | Found a shadowy altar of Dithmenos.
  4208 | D:4      | Noticed Blork the orc
  4270 | D:4      | Found a broken altar of Ashenzari.
  4275 | D:4      | Found Veaxkuow's Distillery.
  4284 | D:4      | Bought a potion of degeneration for 11 gold pieces
  4362 | D:4      | Found a staircase to the Ecumenical Temple.
  4545 | D:4      | Reached skill level 5 in Earth Magic
  4891 | Temple   | Found a transporter.
  4891 | Temple   | Found a transporter.
  4891 | Temple   | Found a transporter.
  4891 | Temple   | Found a transporter.
  4891 | Temple   | Entered the Ecumenical Temple
  4923 | Temple   | Became a worshipper of Vehumet
  4978 | D:5      | Entered Level 5 of the Dungeon
  5055 | D:5      | Noticed Duvessa
  5251 | D:5      | Reached XP level 7. HP: 40/40 MP: 10/12
  5543 | D:5      | Found a basalt altar of Yredelemnul.
  5648 | D:5      | Noticed Pikel
  6022 | D:3      | Killed Sigmund
  6023 | D:3      | Reached skill level 5 in Conjurations
  6023 | D:3      | Reached XP level 8. HP: 39/44 MP: 7/15
  6699 | D:4      | Killed Blork the orc
  6700 | D:4      | Reached skill level 5 in Spellcasting
  6762 | D:5      | Noticed Dowan
  6961 | D:6      | Reached * piety under Vehumet
  6961 | D:6      | Offered knowledge of Sting by Vehumet.
  7843 | D:6      | Reached XP level 9. HP: 48/48 MP: 11/18
  8012 | D:6      | Identified the +1 pair of gloves "Beubb" {rC+}
  8904 | D:7      | Reached ** piety under Vehumet
  8904 | D:7      | Offered knowledge of Shock by Vehumet.
  8989 | D:7      | Learned a level 4 spell: Brom's Barrelling Boulder
  8993 | D:7      | Learned a level 3 spell: Passwall
  9603 | D:7      | Noticed Joseph
  9781 | D:5      | Killed Duvessa
  9788 | D:5      | Killed Dowan
 10112 | D:5      | Killed Pikel
 10113 | D:5      | Reached skill level 10 in Earth Magic
 10113 | D:5      | Reached XP level 10. HP: 53/53 MP: 10/21
 10191 | D:8      | Identified 3 scrolls of acquirement
 10191 | D:8      | Acquired the Catalogue of Amassed Superposition
 10196 | D:8      | Learned a level 2 spell: Blink
 10318 | D:8      | Found a stormy altar of Qazlal.
 10333 | D:8      | Found a flagged portal.
 10344 | Bailey   | Entered a bailey
 10358 | Bailey   | Reached skill level 1 in Translocations
 10687 | Bailey   | Offered knowledge of Static Discharge by Vehumet.
 11082 | Bailey   | Noticed Prince Ribbit
 11083 | Bailey   | Noticed a vault guard
 11104 | Bailey   | Killed a vault guard
 11113 | Bailey   | Killed Prince Ribbit
 11198 | Bailey   | Noticed a vault guard
 11211 | Bailey   | Killed a vault guard
 11580 | D:8      | Reached XP level 11. HP: 57/57 MP: 10/23
 11623 | D:7      | Reached *** piety under Vehumet
 12251 | D:8      | Reached skill level 10 in Conjurations
 13219 | D:9      | Found a sparkling altar of Nemelex Xobeh.
 13374 | D:9      | Learned a level 3 spell: Hailstorm
 13492 | D:9      | Offered knowledge of Flame Wave by Vehumet.
 13720 | D:9      | Reached skill level 1 in Ice Magic
 14275 | D:9      | Found a staircase to the Orcish Mines.
 14474 | D:9      | Reached **** piety under Vehumet
 14653 | D:9      | Offered knowledge of Yara's Violent Unravelling by Vehumet.
 14654 | D:9      | Reached skill level 5 in Translocations
 15072 | D:9      | Noticed a two-headed ogre
 15092 | D:9      | Killed a two-headed ogre
 15941 | D:10     | Entered Level 10 of the Dungeon
 15982 | D:10     | Noticed Nergalle
 16063 | D:10     | Found the +4 robe of Folly {Brill Will-∞ Int+8}
 16066 | D:10     | Noticed a death yak
 16306 | D:10     | Reached skill level 1 in Shields
 16354 | D:10     | Noticed a deep elf pyromancer
 16618 | D:10     | Reached XP level 12. HP: 62/62 MP: 14/25
 16895 | D:10     | Noticed a two-headed ogre
 16922 | D:10     | Killed a two-headed ogre
 17142 | D:10     | Identified the ring "Duquovai" {Will+ rCorr AC+4 SInv}
 17146 | D:10     | Noticed Josephine
 17174 | D:10     | Noticed a death yak
 17329 | D:10     | Reached ***** piety under Vehumet
 17330 | D:10     | Offered knowledge of Olgreb's Toxic Radiance by Vehumet.
 17333 | D:10     | Noticed a two-headed ogre
 17378 | D:10     | Killed a two-headed ogre
 17609 | D:10     | Noticed a yaktaur captain
 17647 | D:10     | Reached skill level 10 in Spellcasting
 17647 | D:10     | Reached skill level 5 in Ice Magic
 17763 | D:10     | Noticed a two-headed ogre
 17838 | D:10     | Killed a two-headed ogre
 17970 | D:10     | Noticed a two-headed ogre
 18021 | D:10     | Killed a two-headed ogre
 18078 | D:10     | Identified the +9 lajatang "Goblin's Regret" {vamp, Fly rC+
                  | Dex-5}
 18102 | D:10     | Noticed a death yak
 18358 | D:11     | Noticed a boulder beetle
 18462 | D:11     | Killed a boulder beetle
 18630 | D:11     | Reached skill level 5 in Shields
 19450 | D:11     | Reached skill level 5 in Fighting
 19661 | D:11     | Found a portal to a secret trove of treasure.
 19677 | D:11     | Acquired the ring "Iviott" {Wiz rF++ SInv}
 19681 | D:11     | Acquired a book of the Earth
 19692 | D:11     | Learned a level 6 spell: Bombard
 19732 | D:12     | Found a gate leading to a gauntlet.
 19767 | D:12     | Reached XP level 13. HP: 69/72 MP: 21/27
 19850 | Gauntlet | Entered a Gauntlet
 19850 | Gauntlet | Found a transporter.
 19850 | Gauntlet | Found a transporter.
 19855 | Gauntlet | Found a transporter.
 19857 | Gauntlet | Found a transporter.
 19857 | Gauntlet | Found a transporter.
 19902 | Gauntlet | Found a transporter.
 19905 | Gauntlet | Found a transporter.
 19907 | Gauntlet | Found a transporter.
 19922 | Gauntlet | Found a transporter.
 19939 | Gauntlet | Found a transporter.
 19946 | Gauntlet | Noticed a quicksilver ooze
 19949 | Gauntlet | Found a transporter.
 19964 | Gauntlet | Found a transporter.
 19989 | Gauntlet | Found a transporter.
 19989 | Gauntlet | Found the +4 Cigotuvi's embrace {Corpsefed rMiasma ^Drain
                  | rN+}
 20006 | Gauntlet | Found a transporter.
 20456 | Gauntlet | Identified the +1 morningstar "Luomnos" {vamp, rPois rCorr
                  | Dex-4 SInv}
 20482 | Gauntlet | Identified the amulet "Lussigot" {Spirit rPois Int+5 Dex-3
                  | Stlth-}
 20673 | Gauntlet | Identified the +5 arbalest "Weatag Haru" {antimagic, Int+2
                  | SInv Stlth-}
 20673 | Gauntlet | Noticed a minotaur
 20676 | Gauntlet | Killed a minotaur
 22298 | D:7      | Killed Joseph
 23052 | D:10     | Killed Nergalle
 23105 | D:10     | Killed Josephine
 23569 | D:10     | Killed a yaktaur captain
 23917 | D:10     | Found a staircase to the Lair.
 24186 | Lair:1   | Entered Level 1 of the Lair of Beasts
 24637 | Lair:1   | Found a frozen archway.
 24733 | IceCv    | Entered an ice cave
 24735 | IceCv    | Offered knowledge of Ozocubu's Refrigeration by Vehumet.
 24963 | IceCv    | Gained mutation: Your large and strong wings let you fly.
                  | [Gargoyle growth]
 24963 | IceCv    | Reached XP level 14. HP: 84/84 MP: 9/28
 25801 | IceCv    | Found an ancient bone altar of Kikubaaqudgha.
 28029 | Lair:2   | Found a staircase to the Shoals.
 28226 | Lair:2   | Reached skill level 10 in Fighting
 28334 | Lair:2   | Offered knowledge of Orb of Destruction by Vehumet.
 28343 | Lair:2   | Learned a level 7 spell: Orb of Destruction
 29916 | Lair:3   | Found a hole to the Spider Nest.
 30063 | Lair:3   | Found a runed translucent gate.
 30063 | Lair:3   | Found a runed translucent gate.
 30063 | Lair:3   | Found a runed translucent gate.
 30068 | Lair:3   | Noticed tevior's ghost (journeyman DECj)
 30074 | Lair:3   | Killed tevior's ghost
 30570 | Lair:4   | Reached XP level 15. HP: 95/95 MP: 24/29
 30794 | Lair:4   | Found a runed translucent gate.
 30795 | Lair:4   | Found a runed translucent gate.
 30795 | Lair:4   | Noticed unihiutale's ghost (journeyman OpDe)
 30797 | Lair:4   | Found a runed translucent gate.
 31259 | Lair:5   | Entered Level 5 of the Lair of Beasts
 31633 | Lair:5   | Offered knowledge of Iskenderun's Battlesphere by Vehumet.
 31649 | Lair:5   | Learned a level 5 spell: Iskenderun's Battlesphere
 31978 | Lair:5   | Found a viscous altar of Jiyva.
 32266 | Lair:5   | Found a staircase to the Slime Pits.
 32328 | Lair:5   | Reached skill level 15 in Earth Magic
 33501 | Lair:5   | Identified the ring of Wuraruab {rN+ Str+2}
 33577 | Lair:5   | Reached skill level 15 in Conjurations
 33614 | Lair:4   | Killed unihiutale's ghost
 34375 | Lair:4   | Identified the +2 leather armour "Huwkuexa" {rF+ Str+6
                  | Dex-5 Slay+3}
 34837 | D:4      | Bought a potion of attraction for 33 gold pieces
 34837 | D:4      | Bought a potion of enlightenment for 55 gold pieces
 34837 | D:4      | Bought a potion of lignification for 33 gold pieces
 35056 | D:13     | Found a gate to the Vaults.
 35058 | D:13     | Offered knowledge of Conjure Ball Lightning by Vehumet.
 35069 | D:12     | Reached XP level 16. HP: 101/101 MP: 26/31
 35288 | D:13     | Found a sacrificial altar of Ru.
 36082 | D:14     | Noticed Frances
 36220 | D:14     | Killed Frances
 36970 | D:15     | Entered Level 15 of the Dungeon
 37345 | D:15     | Offered knowledge of Eringya's Noxious Bog by Vehumet.
 37930 | D:15     | Reached skill level 5 in Dodging
 37979 | D:15     | Found a staircase to the Depths.
 38180 | Orc:1    | Entered Level 1 of the Orcish Mines
 39498 | Orc:2    | Entered Level 2 of the Orcish Mines
 40802 | Orc:2    | Reached XP level 17. HP: 99/106 MP: 12/33
 41155 | Orc:2    | Offered knowledge of Eringya's Noxious Bog by Vehumet.
 41527 | Orc:2    | Found Wofot's Antique Weapon Shop.
 41534 | Orc:2    | Found Lekuuz's Antique Weapon Shoppe.
 41542 | Orc:2    | Found Jiadd's General Store.
 41544 | Orc:2    | Found Gaututt's Armour Shop.
 41746 | Orc:2    | Reached skill level 1 in Armour
 42068 | Orc:2    | Found a staircase to the Elven Halls.
 42364 | Orc:2    | Bought a potion of curing for 36 gold pieces
 42364 | Orc:2    | Bought a potion of heal wounds for 60 gold pieces
 42614 | Spider:1 | Entered Level 1 of the Spider Nest
 43942 | Spider:2 | Noticed Mlioglotl
 44001 | Spider:2 | Killed Mlioglotl
 45227 | Spider:3 | Reached skill level 5 in Armour
 45374 | Spider:3 | Reached ****** piety under Vehumet
 45641 | Spider:3 | Found a runed translucent door.
 45641 | Spider:3 | Noticed Nilihum's ghost (adept DjCj)
 45720 | Spider:4 | Entered Level 4 of the Spider Nest
 46156 | Spider:4 | Reached XP level 18. HP: 112/112 MP: 27/35
 46941 | Spider:4 | Got a gossamer rune of Zot
 46944 | Spider:4 | Identified the +0 pair of boots "Cadus" {rC+ rN+ Regen+
                  | Str+4}
 46956 | Spider:4 | Acquired 1127 gold pieces
 47242 | Shoals:1 | Entered Level 1 of the Shoals
 48193 | Shoals:2 | Found Moischum's Distillery.
 48348 | Shoals:2 | Noticed Polyphemus
 48376 | Shoals:2 | Killed Polyphemus
 48613 | Shoals:2 | Bought a potion of curing for 48 gold pieces
 48613 | Shoals:2 | Bought a potion of cancellation for 128 gold pieces
 48613 | Shoals:2 | Bought a potion of haste for 160 gold pieces
 48613 | Shoals:2 | Bought a potion of haste for 160 gold pieces
 48613 | Shoals:2 | Bought a potion of magic for 128 gold pieces
 49806 | Shoals:4 | Entered Level 4 of the Shoals
 50010 | Shoals:4 | Identified the +4 morningstar of the Crypt {freeze, MP+9
                  | Str+2}
 50366 | Shoals:4 | Offered knowledge of Fire Storm by Vehumet.
 50366 | Shoals:4 | Offered knowledge of Shatter by Vehumet.
 50366 | Shoals:4 | Offered knowledge of Polar Vortex by Vehumet.
 50371 | Shoals:4 | Reached XP level 19. HP: 116/116 MP: 23/36
 50426 | Shoals:4 | Found Miuqevvai's Overcharged Wands.
 50456 | Shoals:4 | Identified the ring "Xariwon" {Wiz rElec rCorr Stlth+}
 50804 | Shoals:4 | Identified the ring of the Establishment {MP+9 Dex+3 SInv}
 51389 | Shoals:4 | Got a barnacled rune of Zot
 51958 | Vaults:1 | Entered Level 1 of the Vaults
 53736 | Vaults:1 | Found Axtonk's Assorted Antiques.
 53773 | Vaults:1 | Found a transporter.
 53780 | Vaults:1 | Found a transporter.
 53780 | Vaults:1 | Noticed raph's ghost (adept MfAl)
 53781 | Vaults:1 | Noticed an ancient lich
 55743 | Vaults:2 | You are sucked into a shaft and drop 2 floors!
 56308 | Vaults:1 | Identified the +0 dagger "Join Rug" {holy, rC+}
 56382 | Vaults:1 | Reached skill level 10 in Armour
 56777 | Vaults:1 | Reached XP level 20. HP: 122/122 MP: 17/38
 57985 | Vaults:2 | Reached skill level 10 in Dodging
 59149 | Vaults:2 | Noticed a bone dragon
 59155 | Vaults:2 | Killed a bone dragon
 59156 | Vaults:2 | Reached skill level 15 in Spellcasting
 59218 | Vaults:2 | Found a staircase to the Crypt.
 59567 | Vaults:3 | Noticed Margery
 59567 | Vaults:3 | Noticed a hellephant
 60986 | Vaults:3 | Got the Teachings on Arctic Rallying
 61813 | Vaults:3 | Killed Margery
 62923 | Vaults:3 | Killed a hellephant
 64211 | Vaults:4 | Reached XP level 21. HP: 127/127 MP: 7/40
 65516 | Vaults:4 | Learned a level 7 spell: Spellforged Servitor
 65859 | Vaults:4 | Learned a level 8 spell: Lehudib's Crystal Spear
 65877 | Vaults:4 | Reached skill level 1 in Summonings
 66690 | Vaults:4 | Reached skill level 5 in Summonings
 67473 | Depths:1 | Entered Level 1 of the Depths
 67635 | Depths:1 | Found Ifaoroo's Weapon Shop.
 67974 | Depths:1 | Found Sesissaf's Jewellery Boutique.
 68337 | Depths:2 | Found a one-way gate leading to the halls of Pandemonium.
 70089 | Depths:1 | Found a gateway to Hell.
 70375 | Depths:2 | Noticed the Enchantress
 70424 | Depths:2 | Killed the Enchantress
 71467 | Depths:2 | Reached skill level 10 in Summonings
 71467 | Depths:2 | Reached skill level 10 in Ice Magic
 71673 | Depths:2 | Reached XP level 22. HP: 132/132 MP: 31/41
 71763 | Depths:2 | Found a one-way gate to the infinite horrors of the Abyss.
 73129 | Elf:1    | Entered Level 1 of the Elven Halls
 73733 | Elf:1    | Reached XP level 23. HP: 136/136 MP: 37/43
 73941 | Elf:1    | Found the +10 morningstar "Eos" {elec, Halo rElec}
 74735 | Elf:2    | Paralysed by an air elemental for 1 turns
 75403 | Elf:2    | Found Pugomuegh's Jewellery Emporium.
 75779 | Elf:2    | Found a runed translucent gate.
 75779 | Elf:2    | Found a runed translucent gate.
 75779 | Elf:2    | Found a runed translucent gate.
 75874 | Elf:3    | Entered Level 3 of the Elven Halls
 75900 | Elf:3    | Reached skill level 15 in Ice Magic
 76517 | Elf:3    | Found Quobro Gitea's Book Shop.
 76518 | Elf:3    | Found Inlyjineb's Jewellery Emporium.
 76519 | Elf:3    | Found Tovuaten's Book Shop.
 76521 | Elf:3    | Noticed Bai Suzhen
 76560 | Elf:3    | Found a huge runed translucent gate.
 76560 | Elf:3    | Found a huge runed translucent gate.
 76560 | Elf:3    | Found a huge runed translucent gate.
 76560 | Elf:3    | Found a huge runed translucent gate.
 76560 | Elf:3    | Found a huge runed translucent gate.
 76561 | Elf:3    | Found a huge runed translucent gate.
 76562 | Elf:3    | Found a huge runed translucent gate.
 76563 | Elf:3    | Found a huge runed translucent gate.
 76568 | Elf:3    | Found a huge runed translucent gate.
 76568 | Elf:3    | Found a huge runed translucent gate.
 76568 | Elf:3    | Found a huge runed translucent gate.
 76569 | Elf:3    | Found a huge runed translucent gate.
 76570 | Elf:3    | Found a huge runed translucent gate.
 76570 | Elf:3    | Found a huge runed translucent gate.
 76571 | Elf:3    | Found a huge runed translucent gate.
 76572 | Elf:3    | Found a huge runed translucent gate.
 76573 | Elf:3    | Found a huge runed translucent gate.
 76678 | Elf:3    | Found a huge runed translucent gate.
 76678 | Elf:3    | Found a huge runed translucent gate.
 76679 | Elf:3    | Found a huge runed translucent gate.
 76680 | Elf:3    | Found a huge runed translucent gate.
 76681 | Elf:3    | Found a huge runed translucent gate.
 76682 | Elf:3    | Found a huge runed translucent gate.
 76683 | Elf:3    | Found a huge runed translucent gate.
 76684 | Elf:3    | Found a huge runed translucent gate.
 76685 | Elf:3    | Found a huge runed translucent gate.
 76686 | Elf:3    | Found a huge runed translucent gate.
 76687 | Elf:3    | Found a huge runed translucent gate.
 76687 | Elf:3    | Found a huge runed translucent gate.
 76692 | Elf:3    | Found a huge runed translucent gate.
 76693 | Elf:3    | Found a huge runed translucent gate.
 76693 | Elf:3    | Found a huge runed translucent gate.
 76693 | Elf:3    | Found a huge runed translucent gate.
 76693 | Elf:3    | Found a huge runed translucent gate.
 76697 | Elf:3    | Found a huge runed translucent gate.
 76723 | Elf:3    | Found a huge runed translucent gate.
 76778 | Elf:3    | Found the amulet of the Four Winds {rN+ Will+++ Clar}
 77481 | Elf:3    | Killed Bai Suzhen
 77818 | Elf:3    | Reached skill level 1 in Fire Magic
 79050 | Elf:3    | Identified the staff of Xomen {rElec rPois Will+ Str+3 Air
                  | Earth}
 79060 | Elf:3    | Identified the ring of Levvimm {rF+ Stlth+}
 79063 | Elf:3    | Got the Quarto of Clouds
 79066 | Elf:3    | Identified the ring "Rofytsya" {rElec rPois rC+ rCorr}
 79072 | Elf:3    | Identified the +1 flail "Jerau" {venom, rC+}
 79700 | Depths:3 | Reached XP level 24. HP: 142/142 MP: 40/44
 80124 | Depths:3 | Found a one-way gateway to a ziggurat.
 80225 | Depths:3 | Reached skill level 5 in Fire Magic
 82076 | Depths:3 | Identified the +5 hand axe of the Skies Above {elec, Fly
                  | rPois rN+ Will+}
 82244 | Depths:4 | Entered Level 4 of the Depths
 82336 | Depths:4 | Found Iptiapt's Weapon Boutique.
 82358 | Depths:4 | Found Gonih's Jewellery Boutique.
 82924 | Depths:4 | Found Ruosicol's Magic Scroll Boutique.
 82935 | Depths:4 | Bought a scroll of teleportation for 48 gold pieces
 82935 | Depths:4 | Bought a scroll of teleportation for 48 gold pieces
 82935 | Depths:4 | Bought a scroll of teleportation for 48 gold pieces
 82935 | Depths:4 | Bought a scroll of fog for 64 gold pieces
 82935 | Depths:4 | Bought a scroll of revelation for 120 gold pieces
 82935 | Depths:4 | Bought a scroll of fear for 64 gold pieces
 82950 | Depths:4 | Noticed a caustic shrike
 83228 | Depths:4 | Noticed a caustic shrike
 83237 | Depths:4 | Killed a caustic shrike
 83247 | Depths:4 | Noticed a caustic shrike
 83247 | Depths:4 | Noticed a caustic shrike
 83257 | Depths:4 | Killed a caustic shrike
 83297 | Depths:4 | Killed a caustic shrike
 83298 | Depths:4 | Killed a caustic shrike
 83538 | Depths:4 | Found a gate to the Realm of Zot.
 84274 | Depths:4 | Found Mibonaa's Antique Weapon Emporium.
 84805 | Crypt:1  | Entered Level 1 of the Crypt
 84877 | Crypt:1  | Noticed Mennas
 85535 | Slime:1  | Entered Level 1 of the Pits of Slime
 85543 | Slime:1  | Reached skill level 10 in Fire Magic
 85861 | Slime:1  | Reached XP level 25. HP: 143/147 MP: 43/46
 87291 | Slime:3  | Learned a level 9 spell: Polar Vortex
 87480 | Slime:5  | Entered Level 5 of the Pits of Slime
 87672 | Slime:5  | Learned a level 9 spell: Fire Storm
 88169 | Slime:5  | Noticed the Royal Jelly
 88188 | Slime:5  | Killed the Royal Jelly
 88280 | Slime:5  | Identified the +0 kite shield of the Doldrums {+Blink MP+9}
 88285 | Slime:5  | Got a slimy rune of Zot
 88326 | Slime:5  | Got Sif Muna's Monograph on Maledictive Conduction
 88329 | Slime:5  | Got the Directory of Frostbitten Dark Rites
 88332 | Slime:5  | Identified the +0 long sword of Past Mistakes {speed, rN+}
 88394 | Slime:5  | Acquired 998 gold pieces
 88633 | Slime:5  | Acquired the staff of Zykocaer {rF+ Conj}
 88885 | D:11     | You showed the slimy rune of Zot to enter a treasure trove
 88886 | Trove    | Entered a treasure trove
 88900 | Trove    | Identified the +2 cloak of Howling Wind {Regen+}
 88933 | Trove    | Identified the amulet "Efupam" {Reflect Dex+3 SH+5}
 89299 | Vaults:5 | Entered Level 5 of the Vaults
 89590 | Vaults:5 | Reached XP level 26. HP: 134/152 MP: 29/47
 89794 | Vaults:5 | Noticed a dread lich
 89799 | Vaults:5 | Killed a dread lich
 89960 | Vaults:5 | Noticed an ancient lich
 89964 | Vaults:5 | Killed an ancient lich
 89966 | Vaults:5 | Noticed a dread lich
 89966 | Vaults:5 | Noticed a dread lich
 90047 | Vaults:5 | Killed a dread lich
 90051 | Vaults:5 | Killed a dread lich
 90404 | Vaults:5 | Identified the +6 quarterstaff of Gluttony {heavy, rElec
                  | rF+ rN+ Dex-3}
 90668 | Vaults:5 | Identified the +2 plate armour of Eternity {*Slow rF- rCorr
                  | MP+9}
 90690 | Vaults:5 | Got a silver rune of Zot
 91798 | Vaults:5 | Identified the amulet "Hupiretz" {^Drain rF+ Regen+ SInv}
 92353 | Zot:1    | Entered Level 1 of the Realm of Zot
 93646 | Zot:2    | Found a runed translucent gate.
 93647 | Zot:2    | Found a runed translucent gate.
 93647 | Zot:2    | Found a runed translucent gate.
 93647 | Zot:2    | Found an ancient bone altar of Kikubaaqudgha.
 93647 | Zot:2    | Noticed a dread lich
 93647 | Zot:2    | Noticed a dread lich
 93647 | Zot:2    | Noticed jt's ghost (legendary HOSh)
 93647 | Zot:2    | Noticed krest9999's ghost (master DEHu)
 93648 | Zot:2    | Noticed an ancient lich
 93782 | Zot:2    | Identified the +1 scale mail of Knowledge {Slay+3}
 94008 | Zot:2    | Noticed a Killer Klown
 94022 | Zot:2    | Killed a Killer Klown
 94610 | Zot:2    | Found a shimmering blue altar of Sif Muna.
 95319 | Zot:3    | Found a corrupted altar of Lugonu.
 95348 | Zot:3    | Found a transporter.
 95416 | Zot:3    | Killed from afar by a purple draconian

Illustrated notes

Levels and vault maps discovered:
D:1:      lightli_arrival_chessboard, layout_loops_ring, nrook_campfire
D:2:      layout_basic
D:3:      layout_basic, trog_hazing_becter, uniq_sigmund
D:4:      layout_basic, minitemple, lemuel_crystal_altar,
          minmay_temple_entry_junction, serial_shops, shop, uniq_blork_the_orc
D:5:      layout_cave_pools, lemuel_zombie_altar_yredelemnul, uniq_duvessa,
          uniq_pikel
D:6:      layout_cave_pods, serial_column_ruins, column_ruins_columns_straight,
          column_ruins_grid_4, column_ruins_columns_straight,
          column_ruins_grid_3, column_ruins_grid_1
D:7:      layout_loops_ring, uniq_joseph
D:8:      layout_basic, nicolae_qazlal_style_of_elements, enter_bailey_6
D:9:      layout_layer_cave, nemelex_xobeh_ov_fountains_minmay,
          kennysheep_orc_monster_closet_entryway
D:10:     minmay_the_grid_4x2 [minmay_the_grid_outer_diamond,
          minmay_the_grid_square_x, minmay_the_grid_medium_cups,
          minmay_the_grid_diamond_grid, minmay_the_grid_garden,
          minmay_the_grid_large_cup, minmay_the_grid_pillar_ring,
          minmay_the_grid_prize_diamond_cup], layout_loops_ring,
          dpeg_lair_monsters, serial_aquarium, aquarium_bridge_straight
          [aquarium_subvault_bridge, aquarium_subvault_balcony,
          aquarium_subvault_bridge, aquarium_subvault_window],
          aquarium_window_fake, aquarium_window_1, aquarium_window_corridor_2,
          aquarium_window_fake, aquarium_view_2e, aquarium_balcony_1a,
          aquarium_pool_corner, minivault_11, dreamdust_deal_with_the_devil,
          uniq_josephine, uniq_nergalle
D:11:     layout_small_grid, enter_trove_6, hangedman_decor_lopped
D:12:     layout_basic, gauntlet_entry_generic
D:13:     layout_loops_ring, david_vaults_3, serial_rivers,
          chequers_serial_rivers_micro_e, chequers_serial_rivers_micro_c,
          chequers_serial_rivers_room_b, chequers_serial_rivers_large_a,
          nicolae_ru_the_path_less_chosen
D:14:     layout_roguey, infiniplex_staircase_x, uniq_frances
D:15:     hellmonk_depths_entry_around_the_bend, layout_irregular_city,
          hangedman_abyss_or_decor_jellyfish_corner
Temple:   hellmonk_temple_divided_pantheon
Lair:1:   layout_chaotic_city, portal_ice_cave_entry_pillars_1,
          chequers_serial_rivers_small_b, lemuel_fruit_tree, grunt_megastairs_3
Lair:2:   layout_gridlike, minmay_shoals_entry_centaurs
Lair:3:   dreamdust_isle_of_ice, layout_regular_city,
          nicolae_spider_entry_lesser_pyramids, ebering_ghost_rock_garden
Lair:4:   minmay_lair_oklob_tunnel, layout_gridlike, gammafunk_ghost_hydra_chop
Lair:5:   due_jungle_book, layout_long_grid, minmay_slime_entry_oklob_open,
          infiniplex_staircase_pool
Shoals:1: layout_shoals, nicolae_shoals_lost_giant_hut
Shoals:2: layout_shoals, serial_shops, shop, uniq_polyphemus, uniq_ilsuiw
Shoals:3: layout_shoals
Shoals:4: shoals_end_grunt_ice, layout_shoals, shoals_ilsuiw_ice,
          nicolae_shop_overcharged_wands
Spider:1: layout_spider_delve
Spider:2: layout_spider_delve, nicolae_spider_webbed_stairs, uniq_mlioglotl
Spider:3: layout_spider_delve, ebering_ghost_inner_flame, drop_trap
Spider:4: hellmonk_spider_rune_bug_friends
Slime:1:  layout_caves, cheibrodos_slime_lost_civilization_4
Slime:2:  layout_caves, nicolae_slime_round_cave
Slime:3:  layout_caves
Slime:4:  layout_caves
Slime:5:  slime_pit_nicolae_royal_road_to_ruin
Orc:1:    layout_diamond_mine, nicolae_orc_lava_tube
Orc:2:    st_orc_open, layout_caves
Elf:1:    layout_gridlike, nicolae_elf_crossing_hall, minivault_16, nrook_uturn,
          dreamdust_princess_bridge, hellmonk_elf_help
Elf:2:    nicolae_elf_blades_splatter_lattice [infiniplex_blade_entry_pillars],
          layout_loops_ring, serial_shops, nicolae_shop_pleasant_corner_grove
Elf:3:    minmay_elf_hall_dome, layout_geoelf_grid, minivault_4, door_vault,
          minmay_shop_grove, uniq_bai_suzhen
Vaults:1: gammafunk_ghost_mausoleum, vaults_dpeg_ring, v_misc_4,
          nicolae_vaults_trapezoid_4, vaults_room_large_hall,
          grunt_vaults_focal, st_lattice, vaults_mumra_hex,
          grunt_vaults_hallway_long, vaults_standard_mumra_x,
          nicolae_vaults_trapezoid_lopsided_4, layout_vaults_omnicross,
          serial_shops, nicolae_shop_hallway_stairs
Vaults:2: portal_desolation_entry_salt, nicolae_vaults_doubleplus_tesselated,
          minmay_crypt_entry_nasty_monster,
          nicolae_vaults_shipping_containers_7, v_misc_4,
          nicolae_vaults_storage_closets_2, nicolae_vaults_six-pack, v_rooms_4,
          layout_vaults_ring
Vaults:3: v_misc_14, grunt_vaults_swirl, vaults_room_fours,
          dpeg_vaults_monster_row, ontoclasm_vaults_decontamination,
          vaults_room_ringed_pool, nicolae_vaults_stepped_doors,
          vaults_mumra_hexcomb, ontoclasm_vaults_chip, nicolae_vaults_quadrants,
          nicolae_vaults_shelves_hall, layout_vaults_omnibox, uniq_margery
Vaults:4: v_pattern_1, v_misc_30, hangedman_vaults_nails,
          nicolae_vaults_wine_cellar, v_rooms_2, nicolae_vaults_tetromino_Z_1,
          layout_vaults_omnigrid
Vaults:5
Crypt:1:  layout_rooms, grunt_crypt_arrival_split, uniq_mennas
Depths:1: layout_honeycomb, hell_entry, minmay_guarded_unrand_curses,
          minmay_shoptagon
Depths:2: minmay_blocking_statues, layout_cave_pools, serial_shops,
          bzr_entry_customers, kennysheep_doodads, hangedman_geh_valley,
          pan_entry, nicolae_abyss_entry_one_way_or_another, uniq_enchantress
Depths:3: evilmike_diamond_2, layout_gridville, enter_ziggurat_a,
          kennysheep_another_room, hangedman_abyss_entry_splay, hell_entry,
          minmay_variable_closet, lemuel_nasty_fountain,
          infiniplex_staircase_trident
Depths:4: grunt_zot_entry_funnels, layout_gridlike, minmay_misc_feat_plants,
          hell_entry, serial_shops, nicolae_shop_bloodbath_and_beyond, shop,
          shop, shop
Zot:1:    layout_basic
Zot:2:    layout_basic, regret_index_zotdec_magical_s, gammafunk_ghost_crypt
Zot:3:    gammafunk_dig_for_victory, layout_misc_corridors, bh_zot_lava_cross,
          amcnicky_altar_lugonu_corruption

Skill      XL: |  1  2  3  4  5  6  7  8  9 10 11 12 13 14 15 16 17 18 19 20 21 22 23 24 25 26 |
---------------+-------------------------------------------------------------------------------+-----
Earth Magic    | 4 5 6 8 10 11 12 14 15 17 18 19 21 | 21.1
Dodging        | 2 3 5 7 8 9 11 | 11.2
Fighting       | 1 2 5 8 11 12 | 12.0
Conjurations   | 2 3 5 6 8 9 11 12 14 15 16 17 18 19 20 | 20.0
Spellcasting   | 3 4 6 7 8 9 10 11 12 13 14 15 16 17 19 20 21 | 21.8
Translocations | 3 5 |  5.0
Ice Magic      | 3 6 8 10 14 15 16 18 19 | 19.6
Shields        | 1 6 9 |  9.0
Armour         | 5 8 10 | 10.0
Summonings     | 10 | 10.0
Fire Magic     | 3 10 11 13 | 13.9
Stealth        | |  2.1

Action                     |  1- 3 |  4- 6 |  7- 9 | 10-12 | 13-15 | 16-18 | 19-21 | 22-24 | 25-27 || total
---------------------------+-------+-------+-------+-------+-------+-------+-------+-------+-------++-------
  Melee: Short sword       |    19 |       |       |       |       |       |       |       |       ||    19
         Punch             |     1 |       |       |       |       |       |       |       |       ||     1
         Dagger            |       |     5 |       |       |       |       |       |       |       ||     5
         Staff             |       |       |     2 |     8 |    19 |     5 |    24 |     7 |       ||    65
   Cast: Sandblast         |    48 |   103 |    61 |    61 |    36 |       |       |       |       ||   309
         Magic Dart        |       |    25 |    16 |    36 |     3 |       |       |       |       ||    80
         Stone Arrow       |       |     4 |    85 |   246 |   225 |   244 |    98 |    68 |    26 ||   996
         Brom's Barrelling |       |       |       |    49 |     3 |     2 |     5 |     2 |       ||    61
         Blink             |       |       |       |     2 |     4 |     3 |     2 |     1 |       ||    12
         Hailstorm         |       |       |       |     6 |     3 |     4 |     1 |     2 |       ||    16
         Bombard           |       |       |       |       |   342 |   383 |   518 |   220 |   100 ||  1563
         Orb of Destructio |       |       |       |       |    19 |    21 |    71 |     5 |     1 ||   117
         Iskenderun's Batt |       |       |       |       |    17 |   139 |   141 |    12 |    30 ||   339
         Spellforged Servi |       |       |       |       |       |       |    61 |   155 |    83 ||   299
         Lehudib's Crystal |       |       |       |       |       |       |       |    12 |   142 ||   154
         Fire Storm        |       |       |       |       |       |       |       |       |     8 ||     8
         Polar Vortex      |       |       |       |       |       |       |       |       |     9 ||     9
  Evoke: Wand              |       |       |       |       |       |       |     1 |       |     4 ||     5
    Use: Scroll            |       |     6 |     2 |    17 |     9 |     6 |    10 |     3 |     5 ||    58
         Potion            |       |       |       |     3 |     3 |     1 |     3 |     3 |     6 ||    19
 Armour: Robe              |    18 |    30 |    20 |    85 |   143 |   108 |   373 |   187 |   182 ||  1146
         Skin              |       |       |       |       |     2 |       |       |       |       ||     2
  Dodge: Dodged            |    25 |    40 |     8 |    77 |   130 |    99 |   193 |    89 |    85 ||   746
  Block: Buckler           |       |       |       |     7 |    65 |    91 |   239 |    87 |    45 ||   534
         Reflection        |       |       |       |       |       |    13 |    57 |    20 |     1 ||    91
